 Dungeon Crawl Stone Soup version 0.27.0-1-g7a089689b8 (webtiles) character file.

Game seed: 14434205522787193697

56649 dolemite99 the Fighter (level 14, -20/99 (103) HPs)
             Began as a Demonspawn Ice Elementalist on Aug 7, 2021.
             Was an Elder of Hepliaklqana.
             Demolished by an orc knight (29 damage)
             ... while paralysed by an orc sorcerer
             ... on level 2 of the Orcish Mines.
             The game lasted 00:46:54 (27264 turns).

dolemite99 the Fighter (DsIE)                      Turns: 27264, Time: 00:46:55

HP:   -20/99 (103)  AC: 19    Str: 11    XL:     14   Next: 42%
MP:   25/25         EV:  2    Int: 21    God:    Hepliaklqana [****..]
Gold: 1334          SH:  0    Dex: 15    Spells: 12/28 levels left

rFire    . . .     SeeInvis .   a - +2 hunting sling (flame)
rCold    . . .     Faith    .   z - +0 buckler
rNeg     . . .     Spirit   .   f - +2 swamp dragon scales
rPois    +         Reflect  .   V - +2 hat {Int+3}
rElec    .         Harm     .   p - +1 cloak {Stlth+}
rCorr    .         Rampage  .   (no gloves)
Will     +....                  (no boots)
Stlth    ++........             K - amulet of regeneration
HPRegen  1.26/turn              r - +4 ring of evasion
MPRegen  0.19/turn              (no ring)

@: paralysed, studying Bows, lightly drained
A: reduced essence, claws 2, molten scales 2, icemail 1, condensation shield,
demonic magic 2
a: Renounce Religion, Recall Ancestor, Ancestor Identity, Transference, Idealise


You were on level 2 of the Orcish Mines.
You worshipped Hepliaklqana.
Hepliaklqana was greatly pleased with you.
You visited 4 branches of the dungeon, and saw 20 of its levels.

You collected 1498 gold pieces.
You spent 164 gold pieces at shops.

Inventory:

Hand Weapons
 a - a +2 hunting sling of flaming (weapon)
 b - a +0 spear of venom
 x - a +0 hunting sling
 A - a +0 whip
 D - a +0 shortbow
 E - a +2 vorpal spear
 R - a +1 scimitar of flaming
 T - a +0 fustibalus
 U - the +4 war axe "Baiceuch" {holy, rC+ rN+ Str+3}
   (You found it on level 4 of the Lair of Beasts)

   It has been blessed by the Shining One to cause great damage to the undead
   and demons.
   Str:       It affects your strength (+3).
   rC:        It protects you from cold.
   rN:        It protects you from negative energy.
Missiles
 g - 182 bolts
 h - 408 stones
 t - 6 javelins
 w - 57 poisoned darts
 y - 42 sling bullets (quivered ammo)
 B - 186 arrows
 H - 7 datura-tipped darts
 L - 5 throwing nets
 Q - 7 curare-tipped darts
Armour
 f - +2 swamp dragon scales (worn)
 p - a +1 cloak of stealth (worn)
 z - a +0 buckler (worn)
 F - a +0 troll leather armour
 N - a +0 pair of boots
 O - the +2 scale mail of Intercession {Harm rCorr Int-4 Dex+3}
   (You found it on level 11 of the Dungeon)

   Int:       It affects your intelligence (-4).
   Dex:       It affects your dexterity (+3).
   rCorr:     It protects you from acid and corrosion.
   Harm:      It increases damage dealt and taken.
 V - a +2 hat of intelligence (worn)
Jewellery
 d - a ring of fire
 q - an amulet of the acrobat
 r - a +4 ring of evasion (left claw)
 J - an amulet of magic regeneration
 K - an amulet of regeneration (around neck)
 P - a +4 ring of evasion
 X - the ring of Ceugayn {Ice Int+3 Dex-5 SInv}
   (You found it on level 2 of the Lair of Beasts)

   [ring of ice]

   It enhances your ice magic.
   Int:       It affects your intelligence (+3).
   Dex:       It affects your dexterity (-5).
   rF:        It makes you vulnerable to fire.
   rC:        It protects you from cold.
   SInv:      It lets you see invisible.
Wands
 o - a wand of charming (12)
 C - a wand of digging (7)
 M - a wand of flame (47)
 W - a wand of polymorph (25)
Scrolls
 e - 2 scrolls of blinking
 m - 9 scrolls of teleportation
 u - a scroll of identify {@r1}
 v - 5 scrolls of magic mapping
Potions
 c - 3 potions of flight
 i - 8 potions of curing
 j - 4 potions of might
 k - 3 potions of heal wounds
 n - a potion of mutation
 s - 2 potions of ambrosia
 I - a potion of magic
 S - a potion of berserk rage
 Z - a potion of haste


   Skills:
 - Level 12.2 Fighting
 - Level 5.8 Slings
 - Level 9.5 Armour
 - Level 6.0 Dodging
 - Level 1.7 Stealth
 - Level 4.0 Shields
 - Level 7.6 Spellcasting
 - Level 10.1 Conjurations
 - Level 10.1 Ice Magic
 + Level 6.6 Invocations
 - Level 4.0 Evocations


You had 12 spell levels left.
You knew the following spells:

 Your Spells              Type           Power      Damage    Failure   Level
a - Freeze                Ice            100%       1d11      1%          1
b - Frozen Ramparts       Ice            100%       1d12      1%          3
c - Ozocubu's Armour      Ice            50%        N/A       1%          3
d - Mephitic Cloud        Conj/Pois/Air  22%        N/A       12%         3
e - Passwall              Tmut/Erth      5%         N/A       26%         2
f - Hailstorm             Conj/Ice       50%        3d11      2%          4

Your spell library contained the following spells:

 Spells                   Type           Power      Damage    Failure   Level
 Foxfire                  Conj/Fire      100%       2x1d9     1%          1
 Magic Dart               Conj           100%       1d8       1%          1
 Conjure Flame            Conj/Fire      29%        6-21      6%          3
 Sticky Flame             Conj/Fire      29%        2d5       21%         4
 Call Imp                 Summ           7%         N/A       26%         2
 Sublimation of Blood     Necr           3%         N/A       26%         2
 Ignite Poison            Fire/Tmut/Pois 7%         N/A       45%         3
 Inner Flame              Hex/Fire       7%         N/A       45%         3
 Swiftness                Air            7%         N/A       45%         3
 Irradiate                Conj/Tmut      14%        3d18      50%         5
 Petrify                  Tmut/Erth      7%         N/A       86%         4
 Invisibility             Hex            3%         N/A       100%        6


Dungeon Overview and Level Annotations

Branches:
Dungeon (11/15)            Temple (1/1) D:6            Lair (6/6) D:10
  Swamp (0/4) Lair:4        Snake (0/4) Lair:3        Slime (0/5) Lair:6
    Orc (2/2) D:9
    Elf: Orc:2

Altars:
Ashenzari
Dithmenos
Elyvilon
Fedhas
Gozag
Hepliaklqana
Kikubaaqudgha
Makhleb
Nemelex Xobeh
Okawaru
Qazlal
Ru
Sif Muna
Trog
Uskayaw
Vehumet
Wu Jian
Xom
Yredelemnul
Zin
The Shining One
Jiyva

Shops:
D:4 [   D:6 *

Annotations:
Lair:3 3 runed translucent doors, Ruicvywi's ghost, journeyman OgTm; Sadonosm's ghost, journeyman DgSk
Lair:5 exclusion: oklob plant


Innate Abilities, Weirdness & Mutations

Your life essence is reduced to manifest your ancestor. (-10% HP)
You have very sharp fingernails.
You are mostly covered in molten scales. (AC +3)
A meltable icy envelope protects you from harm. (AC +0)
A meltable shield of frost defends you. (SH +0)
Spells you cast may paralyse nearby enemies.


Message History

Ingwe hits the orc wizard with a +0 flail!
The orc sorcerer hits you but does no damage.
The orc warrior hits you but does no damage.
The orc priest invokes the aid of Beogh against you.
Pain shoots through your body!
The orc sorcerer hits you but does no damage.
The orc hits you but does no damage.
The orc warrior hits you but does no damage.
The orc sorcerer hits you with a +2 dagger of freezing.
The orc sorcerer freezes you.
The orc knight hits you from afar with a +2 vorpal bardiche!
The orc warrior hits you but does no damage.
The orc priest hits you but does no damage.
The orc sorcerer barely misses you.
Ingwe hits the orc wizard with a +0 flail!
The orc wizard dies!
The orc hits you with a +0 mace.
The orc warrior hits you with a +0 dire flail.
The orc knight barely misses you.
The orc sorcerer hits you with a +2 dagger of freezing.
The orc sorcerer freezes you.
The orc warrior hits you with a +0 scimitar!
The orc priest hits you but does no damage.
The orc sorcerer casts a spell at you. The bolt of negative energy hits you.
You feel drained.
The bolt of negative energy hits the orc priest!
The orc priest is drained!
The orc priest dies!
The orc hits you but does no damage.
The orc warrior hits you but does no damage.
The orc sorcerer hits you but does no damage.
The orc warrior hits you with a +1 hand axe of draining!
* * * LOW HITPOINT WARNING * * *
You feel drained.
* * * LOW HITPOINT WARNING * * *
The orc warrior hits Ingwe with a +1 hand axe of draining.
The orc warrior hits you with a +0 scimitar!
* * * LOW HITPOINT WARNING * * *
The orc knight hits you from afar with a +2 vorpal bardiche!!
You die...

...##. .8
......### #. .
........# #.
.. #......##.
...
#.......)#o.8.
#.[)..R...#
####.)oooo..#
#.....o@o.#
#.....o#)##
....... ...
.....#. ..$.#
....### ....#
.... ......
... ....... ..
.......


You could see the friendly Ingwe the knight, an orc knight, 2 orc sorcerers, 4
orc warriors and an orc.

Vanquished Creatures
  Gastronok (Lair:2)
  2 dire elephants (Lair:6)
  Josephine (Lair:6)
  Harold (Lair:2)
  A boulder beetle (Lair:6)
  4 hydras
  Erica (D:11)
  2 catoblepae
  4 death yaks (Lair:6)
  2 two-headed ogres
  Urug (D:10)
  An orc high priest (Orc:1)
  Sonja (Lair:2)
  An orc knight (Orc:1)
  A lindwurm (Lair:6)
  A wolf spider (Lair:6)
  2 manticores (Lair:6)
  3 black mambas
  4 elephants (Lair:2)
  Maggie (D:6)
  8 cane toads
  2 unseen horrors
  5 komodo dragons
  A rime drake (Lair:6)
  2 trolls (D:10)
  A hornet (D:9)
  4 polar bears (Lair:6)
  4 tyrant leeches (Lair:4)
  13 blink frogs
  3 dream sheep
  4 wraiths (Lair:6)
  A shadow (D:11)
  A steam dragon (D:10)
  2 wyverns
  27 yaks
  2 basilisks (Lair:6)
  4 vampire mosquitoes (D:10)
  A swamp worm (Lair:4)
  A naga (Lair:3)
  11 water moccasins
  2 wargs (Orc:1)
  11 orc warriors
  4 black bears
  2 sky beasts
  A necrophage (D:6)
  3 ice beasts
  5 wolves
  5 centaurs
  A kobold brigand (D:10)
  3 bullfrogs
  3 scorpions
  A wyvern zombie (D:8)
  5 killer bees (D:11)
  2 electric eels (D:7)
  A centaur zombie (D:6)
  2 hounds
  A jelly (D:6)
  7 orc priests
  A centaur skeleton (D:7)
  Crazy Yiuf (D:2)
  An iguana (D:6)
  7 orc wizards
  2 wolf simulacra (Lair:3)
  A hound skeleton (D:4)
  A howler monkey zombie (D:8)
  7 gnolls
  2 adders (D:2)
  3 worms
  53 orcs
  4 ball pythons
  6 bats
  6 endoplasms
  5 giant cockroaches
  12 goblins
  3 hobgoblins
  17 jackals
  9 kobolds
  5 quokkas
  4 frilled lizards
  4 rats
345 creatures vanquished.

Vanquished Creatures (collateral kills)
  3 hydras
  An ice dragon (Lair:6)
  2 catoblepae (Lair:6)
  A two-headed ogre (D:9)
  A black mamba (Lair:6)
  An ice statue (Lair:6)
  3 elephants (Lair:2)
  2 torpor snails
  A cane toad (Lair:6)
  3 komodo dragons
  2 rime drakes
  A polar bear (Lair:6)
  14 blink frogs
  2 dream sheep (Lair:1)
  2 basilisks
  2 wyverns
  5 yaks
  A death yak simulacrum (Lair:3)
  A steam dragon (D:8)
  A warg (Orc:1)
  A naga (Lair:3)
  A water moccasin (Lair:4)
  An acid dragon (D:10)
  An orc warrior (Orc:1)
  4 ice beasts (Lair:6)
  2 black bears (D:10)
  2 wolves (Lair:4)
  4 bullfrogs
  A gnoll sergeant (D:9)
  A killer bee (D:11)
  3 orc priests
  6 orc wizards
  A wolf simulacrum (Lair:3)
  A gnoll (D:9)
  11 orcs
  3 kobolds (D:10)
92 creatures vanquished.

Vanquished Creatures (others)
  An orc priest (Orc:2)
  10 knights
  8 ancestors
  2 orcs
  63 fungi
  79 plants
163 creatures vanquished.

Grand Total: 600 creatures vanquished

Notes
Turn   | Place    | Note
-------+----------+-------------------------------------------
     0 | D:1      | dolemite99 the Demonspawn Ice Elementalist began the quest
                  | for the Orb.
     0 | D:1      | Reached XP level 1. HP: 13/13 MP: 3/3
   533 | D:1      | Gained mutation: Spells you cast may paralyse adjacent
                  | enemies. [demonic ancestry]
   533 | D:1      | Reached XP level 2. HP: 19/19 MP: 3/5
  1432 | D:1      | Gained mutation: A meltable shield of frost defends you.
                  | (SH +0) [demonic ancestry]
  1432 | D:1      | Reached XP level 3. HP: 24/24 MP: 4/6
  1692 | D:1      | Learned a level 3 spell: Frozen Ramparts
  2248 | D:2      | Reached skill level 5 in Ice Magic
  2583 | D:2      | Reached XP level 4. HP: 18/30 MP: 3/7
  3044 | D:2      | Found a runed translucent door.
  3045 | D:2      | Noticed Crazy Yiuf
  3172 | D:2      | Killed Crazy Yiuf
  3873 | D:3      | Gained mutation: Spells you cast may paralyse nearby
                  | enemies. [demonic ancestry]
  3873 | D:3      | Reached XP level 5. HP: 32/35 MP: 6/8
  4910 | D:3      | Reached XP level 6. HP: 34/41 MP: 6/9
  5114 | D:4      | Found a hide-covered altar of Uskayaw.
  5223 | D:4      | Found Uzeseps's Armour Emporium.
  5235 | D:4      | Bought a +0 buckler for 49 gold pieces
  5745 | D:5      | Entered Level 5 of the Dungeon
  5842 | D:5      | Noticed a water moccasin
  5850 | D:5      | Killed a water moccasin
  5851 | D:5      | Gained mutation: You are partially covered in molten
                  | scales. (AC +2) [demonic ancestry]
  5851 | D:5      | Reached XP level 7. HP: 34/46 MP: 1/10
  6082 | D:5      | You fall into a shaft and drop 1 floor!
  6139 | D:6      | Noticed Maggie
  6556 | D:6      | Learned a level 3 spell: Ozocubu's Armour
  6656 | D:6      | Found a staircase to the Ecumenical Temple.
  6728 | Temple   | Entered the Ecumenical Temple
  6880 | Temple   | Became a worshipper of Hepliaklqana the Forgotten
  6941 | D:6      | Found Esitew's Assorted Antiques.
  6986 | D:6      | Bought a scroll labelled XYAGUMEODA for 23 gold pieces
  6986 | D:6      | Bought a potion of curing for 69 gold pieces
  6986 | D:6      | Bought a scroll labelled SUK QERPHAENTON for 23 gold pieces
  7119 | D:6      | Reached XP level 8. HP: 34/52 MP: 11/11
  7453 | D:6      | Killed Maggie
  7454 | D:6      | Reached skill level 10 in Ice Magic
  8579 | D:7      | Reached skill level 1 in Armour
  8871 | D:7      | Found an iron altar of Okawaru.
 10685 | D:7      | Found a shadowy altar of Dithmenos.
 10688 | D:7      | Found a basalt altar of Yredelemnul.
 10690 | D:7      | Found a sacrificial altar of Ru.
 10951 | D:8      | Reached * piety under Hepliaklqana
 11196 | D:7      | Reached skill level 5 in Armour
 11196 | D:7      | Gained mutation: You have sharp fingernails. [demonic
                  | ancestry]
 11196 | D:7      | Reached XP level 9. HP: 11/51 MP: 6/12
 12470 | D:8      | Noticed a two-headed ogre
 12478 | D:8      | Killed a two-headed ogre
 12892 | D:9      | Noticed a two-headed ogre
 12900 | D:9      | Killed a two-headed ogre
 12901 | D:9      | Reached XP level 10. HP: 29/56 MP: 6/13
 13292 | D:9      | Reached skill level 1 in Fighting
 13492 | D:9      | Reached skill level 2 in Fighting
 13669 | D:9      | Reached skill level 3 in Fighting
 14050 | D:9      | Reached skill level 1 in Shields
 14104 | D:9      | Found a staircase to the Orcish Mines.
 14204 | D:9      | Noticed a two-headed ogre
 14216 | D:9      | Killed a two-headed ogre
 14555 | D:9      | Reached skill level 4 in Fighting
 15019 | D:10     | Entered Level 10 of the Dungeon
 15019 | D:10     | Noticed Urug
 15052 | D:10     | Found a sparkling altar of Nemelex Xobeh.
 15206 | D:10     | Reached skill level 5 in Fighting
 15518 | D:10     | Reached skill level 6 in Fighting
 15654 | D:10     | Reached skill level 7 in Fighting
 15864 | D:10     | Found a staircase to the Lair.
 15978 | D:10     | Gained mutation: You have very sharp fingernails. [demonic
                  | ancestry]
 15978 | D:10     | Reached XP level 11. HP: 71/75 MP: 10/14
 16061 | D:10     | Reached ** piety under Hepliaklqana
 16062 | D:10     | Remembered your ancestor Ingwe as a knight
 16191 | D:10     | Identified the +1 plate armour of the Assorted Dreams {rN+
                  | MP-9 Int+4}
 16222 | D:10     | Killed Urug
 16952 | D:11     | Reached skill level 1 in Slings
 17086 | D:11     | Noticed Erica
 17315 | D:11     | Identified the +2 scale mail of Intercession {Harm rCorr
                  | Int-4 Dex+3}
 17494 | D:11     | Killed Erica
 17853 | Lair:1   | Entered Level 1 of the Lair of Beasts
 18336 | Lair:1   | Reached skill level 5 in Slings
 18675 | Lair:1   | Reached skill level 8 in Fighting
 19437 | Lair:2   | Noticed Sonja
 19455 | Lair:2   | Reached skill level 9 in Fighting
 19661 | Lair:2   | Gained mutation: You are mostly covered in molten scales.
                  | (AC +3) [demonic ancestry]
 19661 | Lair:2   | Reached XP level 12. HP: 82/85 MP: 9/16
 19744 | Lair:2   | Noticed Gastronok
 19746 | Lair:2   | Reached *** piety under Hepliaklqana
 19764 | Lair:2   | Killed Gastronok
 19765 | Lair:2   | Reached skill level 10 in Fighting
 20033 | Lair:2   | Killed Sonja
 20037 | Lair:2   | Noticed a catoblepas
 20040 | Lair:2   | Noticed Harold
 20105 | Lair:2   | Reached skill level 11 in Fighting
 20181 | Lair:2   | Killed a catoblepas
 20506 | Lair:2   | Identified the ring of Ceugayn {Ice Int+3 Dex-5 SInv}
 20547 | Lair:2   | Killed Harold
 20995 | Lair:3   | Noticed a four-headed hydra
 21002 | Lair:3   | Killed a four-headed hydra
 21003 | Lair:3   | Reached skill level 12 in Fighting
 21087 | Lair:3   | Found a frozen archway.
 21163 | Lair:3   | Found a staircase to the Snake Pit.
 21177 | Lair:3   | Reached skill level 5 in Dodging
 21269 | Lair:3   | Found a runed translucent gate.
 21271 | Lair:3   | Found a runed translucent gate.
 21272 | Lair:3   | Found a runed translucent gate.
 21274 | Lair:3   | Noticed Sadonosm's ghost (journeyman DgSk)
 21274 | Lair:3   | Noticed Ruicvywi's ghost (journeyman OgTm)
 21274 | Lair:3   | Noticed Ruicvywi's ghost (journeyman OgTm)
 21339 | Lair:3   | Reached **** piety under Hepliaklqana
 21695 | Lair:4   | Identified the +4 war axe "Baiceuch" {holy, rC+ rN+ Str+3}
 22092 | Lair:4   | Found a staircase to the Swamp.
 22105 | Lair:4   | Reached skill level 1 in Evocations
 22540 | Lair:4   | Noticed a four-headed hydra
 22554 | Lair:4   | Killed a four-headed hydra
 22827 | Lair:5   | Noticed a catoblepas
 22848 | Lair:5   | Killed a catoblepas
 22849 | Lair:5   | Gained mutation: A meltable icy envelope protects you from
                  | harm. (AC +0) [demonic ancestry]
 22849 | Lair:5   | Reached XP level 13. HP: 95/97 MP: 11/18
 23150 | Lair:5   | Reached skill level 5 in Spellcasting
 23839 | Lair:5   | Learned a level 3 spell: Mephitic Cloud
 23842 | Lair:5   | Learned a level 2 spell: Passwall
 23847 | Lair:5   | Learned a level 4 spell: Hailstorm
 24183 | Lair:6   | Entered Level 6 of the Lair of Beasts
 24195 | Lair:6   | Reached skill level 1 in Conjurations
 24209 | Lair:6   | Noticed Josephine
 24219 | Lair:6   | Reached skill level 5 in Conjurations
 24239 | Lair:6   | Killed Josephine
 25080 | Lair:6   | Reached XP level 14. HP: 86/103 MP: 21/25
 25256 | Lair:6   | Found a viscous altar of Jiyva.
 25256 | Lair:6   | Found a staircase to the Slime Pits.
 25904 | Lair:6   | Reached skill level 10 in Conjurations
 25909 | Lair:6   | Reached skill level 1 in Invocations
 26353 | Lair:6   | Reached skill level 5 in Invocations
 26820 | Orc:1    | Entered Level 1 of the Orcish Mines
 27034 | Orc:2    | Entered Level 2 of the Orcish Mines
 27260 | Orc:2    | Paralysed by an orc sorcerer for 5 turns
 27264 | Orc:2    | Demolished by an orc knight

Illustrated notes

Levels and vault maps discovered:
D:1:      dpeg_arrival_renting, layout_loops_corners, minmay_fountain_box,
          hangedman_decor_points
D:2:      layout_basic, serial_co_window_serial, co_window_of_opportunity_a,
          co_window_cross_1, co_window_of_opportunity_a, co_window_paths_a,
          co_window_paths_a, co_window_paths_a, co_window_corner_a,
          co_window_of_opportunity_a, co_window_paths_a, co_window_paths_c,
          co_window_of_opportunity_b, co_window_of_opportunity_c,
          co_window_unsneaky_path_c, co_window_4corner_b, co_window_sun,
          glass_columns_a, minmay_misc_feat_roman, dk_vineyard_3,
          roderic_filled_cross, uniq_crazy_yiuf_cottage
D:3:      layout_loops_cross
D:4:      layout_rooms, mainiacjoe_overflow_concentric_impassable, serial_shops,
          nicolae_shop_crystal
D:5:      layout_rooms, cheibrodos_worm_habitat
D:6:      layout_cave_pools, elyvilon_altar_3, minmay_temple_entry_proselytizer,
          nicolae_wooded_promenade, uniq_maggie
D:7:      layout_gridville, old_standard_altar, grunt_temple_overflow_open,
          minivault_4, chequers_big_river, st_stairs_10,
          amcnicky_mini_corridor_feature
D:8:      layout_rooms, kennysheep_generic_room_14
D:9:      layout_irregular_city, hiddenorc2_lemuel
D:10:     layout_roguey, mainiacjoe_overflow_catwalk,
          due_lair_maze_entry_diamond, uniq_urug
D:11:     layout_basic, uniq_erica
Temple:   dshaligram_water_room_temple
Lair:1:   layout_cellular_growth, minivault_27, grunt_megastairs_1
Lair:2:   layout_misc_corridors, uniq_harold, uniq_sonja, uniq_gastronok
Lair:3:   layout_loops_ring, guppyfry_snake_entry_island,
          gammafunk_ghost_cemetery, portal_ice_cave_entry_ice_simulacra
Lair:4:   layout_cave_pods, minmay_swamp_entry_worms, infiniplex_staircase_pool
Lair:5:   layout_regular_city, serial_bayou_shore_a, grunt_megastairs_3
Lair:6:   hangedman_lair_in_review, layout_regular_city,
          dpeg_slime_entry_enclosed_altar, ice2_lemuel, uniq_josephine
Orc:1:    layout_caves, serial_shops, shop, ebering_ghost_disaster_area
Orc:2:    grunt_orc_cross, layout_diamond_mine, serial_shops,
          nicolae_diamond_shop, nicolae_shop_stone, nicolae_shop_behind_doors,
          nicolae_diamond_shop, basic_altar, nicolae_orc_rockfall,
          nicolae_orc_lost_temple, uniq_saint_roka

Skill      XL: |  1  2  3  4  5  6  7  8  9 10 11 12 13 14 |
---------------+-------------------------------------------+-----
Ice Magic      | 4 5 6 7 9 10 | 10.1
Armour         | 5 9 |  9.5
Fighting       | 7 9 12 | 12.2
Shields        | 4 |  4.0
Dodging        | 2 4 6 |  6.0
Slings         | 5 |  5.8
Spellcasting   | 3 7 |  7.6
Evocations     | 4 |  4.0
Conjurations   | 8 10 | 10.1
Invocations    | 6 |  6.6
Stealth        | |  1.7

Action                   |  1- 3 |  4- 6 |  7- 9 | 10-12 | 13-15 || total
-------------------------+-------+-------+-------+-------+-------++-------
Melee: Whip              |    17 |       |       |       |       ||    17
       Unarmed           |     1 |       |       |       |       ||     1
       Quarterstaff      |       |    10 |       |       |       ||    10
       Dagger            |       |    47 |     7 |       |       ||    54
       Spear             |       |       |       |    85 |       ||    85
       Hunting sling     |       |       |       |     2 |     3 ||     5
 Fire: Hunting sling     |       |       |   139 |   251 |   357 ||   747
       Shortbow          |       |       |    10 |       |       ||    10
Throw: Javelin           |       |    39 |       |    15 |       ||    54
       Stone             |       |     2 |       |    30 |       ||    32
       Dart              |       |       |       |       |     7 ||     7
 Cast: Freeze            |    63 |    64 |    80 |   133 |    84 ||   424
       Frozen Ramparts   |       |     2 |    16 |    53 |    40 ||   111
Invok: Recall Ancestor   |       |       |       |     4 |     1 ||     5
       Ancestor Life: Kn |       |       |       |     1 |       ||     1
       Transference      |       |       |       |     1 |     1 ||     2
       Idealise          |       |       |       |       |     2 ||     2
Evoke: Wand              |       |       |       |     6 |    26 ||    32
  Use: Scroll            |       |     3 |    10 |    12 |     2 ||    27
       Potion            |       |       |     3 |     3 |       ||     6
 Stab: Paralysed         |     7 |     7 |     1 |     9 |       ||    24
       Distracted        |       |       |       |     1 |       ||     1
       Sleeping          |       |       |       |     1 |       ||     1
Armor: Robe              |    13 |    13 |    16 |       |       ||    42
       Swamp dragon scal |       |       |    32 |   123 |    81 ||   236
       Skin              |       |       |     1 |       |       ||     1
Dodge: Dodged            |    24 |    62 |    73 |   149 |   116 ||   424
Block: Other             |     2 |    14 |    22 |     6 |       ||    44
       Buckler           |       |       |       |    78 |    94 ||   172
